 Dungeon Crawl Stone Soup version 0.31.0-10-gcf4a605ca0 (webtiles) character file.

Game seed: 4439173459590342078

207773 sanka the Slayer (level 18, -13/184 HPs)
             Began as a Minotaur Fighter on Jan 25, 2024.
             Was the Champion of the Shining One.
             Killed from afar by Bemoawil the pandemonium lord (115 damage)
             ... with an arc of chain lightning
             ... in Pandemonium.
             The game lasted 01:29:04 (31722 turns).

sanka the Slayer (Minotaur Fighter)                Turns: 31722, Time: 01:29:04

Health: -13/184    AC: 45    Str: 24    XL:     18   Next: 48%
Magic:  14/26      EV: 19    Int:  5    God:    the Shining One [******]
Gold:   1506       SH: 19    Dex: 21    Spells: 17/17 levels left

rFire   + . .        b - +6 sacred scourge (holy)
rCold   + . .        D - +1 buckler {rC+}
rNeg    + + +        H - +7 crystal plate armour of a treasure trove {rF+ Regen+}
rPois   +            (helmet restricted)
rElec   .            X - +1 cloak of Integrity {rPois}
rCorr   .            j - +2 pair of gloves {infuse}
SInv    .            A - +2 pair of boots {Fly}
Will    .....        S - amulet of faith Stlth
                     G - +6 ring of dexterity
HPRegen 1.30/turn    C - +5 ring of evasion
MPRegen 0.20/turn

%: faith, infuse magic (1 MP)
@: divinely shielded, weak-willed, flying, glowing
A: horns 2, retaliatory headbutt
a: Renounce Religion, Divine Shield, Cleansing Flame, Summon Divine Warrior


You were in Pandemonium.
You worshipped the Shining One.
The Shining One was exalted by your worship.
You visited 4 branches of the dungeon, and saw 21 of its levels.
You visited Pandemonium 1 time, and saw 2 of its levels.
You also visited: Ossuary, Bailey, Ice Cave and Wizlab.

You collected 3256 gold pieces.
You spent 1750 gold pieces at shops.


Innate Abilities, Weirdness & Mutations

You have a pair of horns on your head.
You reflexively headbutt those who attack you in melee.


   Skills:
 + Level 21.9 Fighting
 - Level 12.0 Maces & Flails
 + Level 21.8 Armour
 + Level 15.6 Dodging
 + Level 11.2 Shields
 - Level 12.0 Invocations


You had 17 spell levels left.
You didn't know any spells.
Your spell library contained the following spells:

 Spells                   Type           Power      Damage    Failure   Level
 Magic Dart               Conj           0%         1d3       100%        1
 Sandblast                Erth           0%         2d4       100%        1
 Sting                    Conj/Alch      0%         1d3       100%        1
 Blink                    Tloc           0%         N/A       100%        2
 Call Imp                 Summ           0%         N/A       100%        2
 Ensorcelled Hibernation  Hex/Ice        0%         N/A       100%        2
 Lesser Beckoning         Tloc           0%         N/A       100%        2
 Mercury Vapours          Alch/Air       0%         N/A       100%        2
 Sublimation of Blood     Necr           0%         N/A       100%        2
 Call Canine Familiar     Summ           0%         N/A       100%        3
 Frozen Ramparts          Ice            0%         1d1       100%        3
 Fugue of the Fallen      Necr           0%         N/A       100%        3
 Gell's Gravitas          Tloc           0%         N/A       100%        3
 Mephitic Cloud           Conj/Alch/Air  0%         N/A       100%        3
 Passwall                 Erth           0%         N/A       100%        3
 Sigil of Binding         Hex            0%         N/A       100%        3
 Stone Arrow              Conj/Erth      0%         3d7       100%        3
 Summon Ice Beast         Ice/Summ       0%         N/A       100%        3
 Teleport Other           Tloc           0%         N/A       100%        3
 Tukima's Dance           Hex            0%         N/A       100%        3
 Volatile Blastmotes      Fire/Tloc      0%         2d10      100%        3
 Anguish                  Hex/Necr       0%         N/A       100%        4
 Animate Armour           Summ/Erth      0%         N/A       100%        4
 Brom's Barrelling Bould  Conj/Erth      0%         2d3       100%        4
 Dimensional Bullseye     Hex/Tloc       0%         N/A       100%        4
 Fulminant Prism          Conj/Alch      0%         3d5       100%        4
 Iskenderun's Mystic Bla  Conj/Tloc      0%         2d3       100%        4
 Leda's Liquefaction      Alch/Erth      0%         N/A       100%        4
 Olgreb's Toxic Radiance  Alch           0%         N/A       100%        4
 Passage of Golubria      Tloc           0%         N/A       100%        4
 Petrify                  Alch/Erth      0%         N/A       100%        4
 Summon Blazeheart Golem  Fire/Summ      0%         N/A       100%        4
 Summon Lightning Spire   Summ/Air       0%         N/A       100%        4
 Freezing Cloud           Conj/Ice/Air   0%         6-21      100%        5
 Lee's Rapid Deconstruct  Erth           0%         3d4*      100%        5
 Metabolic Englaciation   Hex/Ice        0%         N/A       100%        5
 Summon Mana Viper        Hex/Summ       0%         N/A       100%        5
 Yara's Violent Unravell  Hex/Alch       0%         3d3       100%        5
 Monstrous Menagerie      Summ           0%         N/A       100%        7
 Orb of Destruction       Conj           0%         9d5       100%        7
 Spellforged Servitor     Conj/Summ      0%         N/A       100%        7
 Summon Hydra             Summ           0%         N/A       100%        7

Inventory:

Hand Weapons
 a - a +2 morningstar of freezing
 b - a +6 sacred scourge of holy wrath (weapon)
Missiles
 L - 5 curare-tipped darts {=f}
 N - 2 throwing nets {=f}
Armour
 j - a +2 pair of gloves of infusion (worn)
 A - a +2 pair of boots of flying (worn)
 D - a +1 buckler of cold resistance (worn)
 H - the +7 crystal plate armour of a treasure trove (worn) {rF+ Regen+} rF+: It protects you from fire. Regen+: It increases your rate of health regeneration.
 I - the +2 pair of gloves of the Crafting Gods {+Inv Fly rPois rF-} rF-: It makes you vulnerable to fire. rPois: It protects you from poison +Inv: It lets you turn invisible. Fly: It grants you flight.
 M - a +2 pair of boots
 U - a +0 kite shield
 V - the +1 cloak of the Monkey's Uncle {MP+9 Str+5}

   Str+5:     It affects your strength (+5).
   MP+9:      It affects your magic capacity (+9).
 X - the +1 cloak of Integrity (worn) {rPois} rPois: It protects you from poison
 Y - the +0 cloak of Distant Shores {rC++ Int-4 Stlth+}

   Int-4:     It affects your intelligence (-4).
   rC++:      It greatly protects you from cold.
   Stlth+:    It makes you more stealthy.
Jewellery
 c - a ring of willpower
 k - a ring of protection from fire
 C - a +5 ring of evasion (right hand)
 G - a +6 ring of dexterity (left hand)
 S - an amulet of faith (around neck)
 W - a ring of flight
Wands
 l - a wand of polymorph (4)
 t - a wand of paralysis (25)
 F - a wand of quicksilver (7)
 O - a wand of flame (14)
 P - a wand of digging (14)
 T - a wand of mindburst (13)
Scrolls
 g - 4 scrolls of blinking
 i - 7 scrolls of teleportation {@r4}
 o - 8 scrolls of poison {!r}
 q - 3 scrolls of immolation {!r}
 u - 3 scrolls of summoning
 w - 4 scrolls of revelation
 x - 4 scrolls of fear
 y - 11 scrolls of noise {!r}
 z - 2 scrolls of enchant armour
 E - 2 scrolls of fog
 Z - a scroll of identify {@r1}
Potions
 d - 3 potions of might
 e - 4 potions of heal wounds {@q2}
 f - 12 potions of curing {@q1}
 h - 2 potions of magic
 m - 11 potions of cancellation
 n - a potion of resistance
 p - 7 potions of mutation {!q}
 r - a potion of attraction {!q}
 s - 12 potions of haste {@q3}
 v - 5 potions of enlightenment
 B - 5 potions of ambrosia
 J - 4 potions of lignification {!q}
 K - 3 potions of berserk rage {!q}
Miscellaneous
 Q - a phantom mirror
 R - a lightning rod (4/4)

Dungeon Overview and Level Annotations

Branches:
Dungeon (15/15)            Temple (1/1) D:5            Lair (0/5) D:8
    Orc (0/2) D:10         Vaults (0/5) D:14         Depths (4/4) D:15
   Hell (visited)             Zot (0/5) Depths:4    Ossuary (visited)
 Bailey (visited)           IceCv (visited)          WizLab (visited)
    Dis: Hell:1         Geh: Hell:1         Coc: Hell:1         Tar: Hell:1

Altars:
Ashenzari
Cheibriados
Dithmenos
Elyvilon
Fedhas
Gozag
Hepliaklqana
Kikubaaqudgha
Makhleb
Nemelex Xobeh
Okawaru
Qazlal
Ru
Sif Muna
Trog
Uskayaw
Vehumet
Wu Jian
Xom
Yredelemnul
Zin
The Shining One
Lugonu

Shops:
D:8 :   Depths:2 !   Depths:4 !!?*

Portals:
Hell: Depths:1 Depths:2 Depths:3 Depths:4
Abyss: Depths:3 Depths:4
Pandemonium: Depths:2 Depths:3
Ziggurat: Depths:2

Annotations:
D:8 exclusion: downstairs
D:10 exclusion: downstairs
D:14 exclusion: downstairs
Depths:3 2 runed translucent doors
Hell Geryon

..... ..........
.▒3▒.▒.........
▒.▒.▒.▒.▒....▒
▒3▒.▒..▒....▒
▒.▒4▒.▒....▒
▒.▒.2▒....▒
▒3▒.▒....▒▒▒▒▒
▒.▒44▒&........
▒3▒.▒.33H.......
▒.▒.▒.443A.......
▒.▒.▒.▒..32.......
...&......▒▒▒...▒▒▒
..▒▒▒.▒▒▒▒▒ ...▒ ▒.
...▒ ▒ ...▒ ..▒ .▒


You could see Bemoawil, a reaper (ally target), 3 soul eaters, a smoke demon, a
neqoxec, a red devil, 3 chaos spawn and a friendly angel (summoned).


Message History

Bemoawil is moderately wounded.
The smoke demon hits you but does no damage.
You block the smoke demon's attack.
The smoke demon hits you but does no damage.
You hear a grinding noise.
Bemoawil hits you. The reaper hits you but does no damage.
Unknown command.
Unknown command.
You thrash Bemoawil!!
Bemoawil convulses!!
You headbutt Bemoawil, but do no damage.
Bemoawil is severely wounded.
Your angel barely misses the reaper.
Your angel barely misses the reaper.
Bemoawil hits you!
Unknown command.
Unknown command.
Use which ability? (? or * to list)
Your shield is strengthened by the Shining One's divine power.
Your angel hits the reaper but does no damage.
Your angel barely misses the reaper.
You block the smoke demon's attack. You block the smoke demon's attack.
The smoke demon hits you but does no damage.
Bemoawil gestures.
Lightning arcs from Bemoawil's claws!
The bolt of lightning hits you!!!!
Ouch! That really hurt!
You die...

Action                     |  1- 3 |  4- 6 |  7- 9 | 10-12 | 13-15 | 16-18 || total
---------------------------+-------+-------+-------+-------+-------+-------++-------
  Melee: Flail             |    59 |   123 |   333 |     9 |       |       ||   524
         Headbutt          |     4 |    17 |    60 |   192 |   304 |   456 ||  1033
         Morningstar       |       |       |       |   648 |   845 |   399 ||  1892
         Sacred scourge    |       |       |       |       |       |   767 ||   767
 Invoke: Divine Shield     |       |       |       |     2 |    30 |    14 ||    46
         Summon Divine War |       |       |       |       |     4 |     7 ||    11
         Brand Weapon With |       |       |       |       |       |     1 ||     1
    Use: Potion            |       |     1 |     1 |       |     8 |     1 ||    11
         Scroll            |       |       |    10 |     3 |    10 |    12 ||    35
 Armour: Scale mail        |    16 |       |       |       |       |       ||    16
         Plate armour      |    24 |   110 |   225 |    64 |       |       ||   423
         Crystal plate arm |       |       |       |   499 |   688 |   844 ||  2031
  Dodge: Dodged            |    14 |    29 |   151 |   285 |   352 |   727 ||  1558
  Block: Buckler           |     4 |    16 |    78 |   257 |   452 |   608 ||  1415

Levels and vault maps discovered:
D:1:      psy_arrival_fountain, layout_rooms, chequers_big_river
D:2:      layout_loops_corners, basic_altar, serial_bayou_lake_a, uniq_sigmund
D:3:      layout_basic, grunt_temple_overflow_diamond,
          shapermc_ecumenical_altar_starsandcircs
D:4:      minmay_angry_zag, layout_rooms, nemelex_dance_club_becter,
          uniq_menkaure
D:5:      layout_gridville, cheibrodos_ashenzari_chains,
          minmay_temple_entry_glass, nicolae_ossuary_entry_giza, uniq_eustachio,
          uniq_grinder
D:6:      layout_rooms, amcnicky_altar_gilded, sigmund_army
D:7:      layout_basic, minmay_starry_boxes
D:8:      gammafunk_the_bubble [the_bubble_gammafunk_crates], layout_rooms,
          david_lair_shrubbed, enter_bailey_2, nicolae_shop_i_like_big_books
D:9:      layout_cave_pools
D:10:     layout_layer_cave, trog_antimagical, orc_0_dummy,
          hellmonk_ghost_happy_afterlife, dreamdust_mushroom_princess,
          minmay_microvault
D:11:     layout_layer_cave, portal_ice_cave_entry_ice_simulacra,
          zin_scriptorium
D:12:     layout_loops_ring, roderic_lattice_a
D:13:     layout_basic, hangedman_abyss_or_decor_slice, uniq_josephine
D:14:     layout_irregular_city, hellmonk_vaults_keyhole,
          ebering_ghost_reflecting_pool, hellmonk_sif_muna_bookshelves,
          serial_column_ruins, column_ruins_square_small, column_ruins_grid_1,
          column_ruins_columns_straight, column_ruins_grid_1,
          column_ruins_columns_straight
D:15:     gammafunk_enter_depths_forms, layout_loops_corners,
          nicolae_vehumet_radiance, uniq_rupert
Temple:   bh_familiar_temple
Depths:1: layout_honeycomb, serial_sigils_hangedman_snap,
          grunt_hell_entry_dis_grunt, kiku_gazebo_garden_becter,
          roderic_lattice_octagonal_star, uniq_saint_roka
Depths:2: regret_index_nemelex_summoning_deck_glade, layout_gridlike,
          enter_ziggurat_c, hell_entry, grunt_pan_entry_zigzag,
          chequers_serial_rivers_micro_e, serial_shops,
          nicolae_shop_statue_plus, infiniplex_staircase_door_maze
Depths:3: minmay_expanding_circles, layout_cave_pools, old_standard_altar,
          hellmouth_1, hangedman_abyss_entry_splay, grunt_pan_entry_in_and_out,
          kennysheep_generic_room_3, serial_bayou_shore_b
Depths:4: grunt_zot_entry_bicorn, layout_gridville, grunt_mini_vestibule,
          nicolae_gozag_seed_capital, lightli_enter_wizlab_magi_temple,
          abyss_entry_flame_altar, minmay_shoptagon
Hell
Pan:      rand_demon_3, layout_basic, nicolae_pan_cerebovesque_4, rand_demon_3,
          layout_gridlike, uniq_ignacio

Notes
Turn   | Place    | Note
-------+----------+-------------------------------------------
     0 | D:1      | sanka the Minotaur Fighter began the quest for the Orb.
     0 | D:1      | Reached XP level 1. HP: 19/19 MP: 0/0
   130 | D:1      | Reached skill level 4 in Fighting
   131 | D:1      | Reached skill level 3 in Maces & Flails
   131 | D:1      | Reached XP level 2. HP: 27/27 MP: 1/1
   858 | D:2      | Reached skill level 4 in Maces & Flails
   858 | D:2      | Reached XP level 3. HP: 33/33 MP: 2/2
   999 | D:2      | Noticed Sigmund
  1029 | D:2      | Killed Sigmund
  1030 | D:2      | Reached skill level 6 in Maces & Flails
  1030 | D:2      | Reached XP level 4. HP: 25/40 MP: 3/3
  1030 | D:2      | Reached XP level 5. HP: 29/46 MP: 4/4
  1154 | D:2      | Found a hazy altar of Hepliaklqana.
  1420 | D:2      | Reached skill level 7 in Maces & Flails
  1907 | D:3      | Found a blossoming altar of Fedhas.
  1910 | D:3      | Found a shadowy altar of Dithmenos.
  1913 | D:3      | Found a snail-covered altar of Cheibriados.
  1940 | D:3      | Found a faded altar of an unknown god.
  2491 | D:3      | Reached XP level 6. HP: 32/52 MP: 5/5
  2733 | D:5      | Entered Level 5 of the Dungeon
  2781 | D:5      | Found a sand-covered staircase.
  2819 | Ossuary  | Entered an ossuary
  2880 | Ossuary  | Reached skill level 8 in Maces & Flails
  3126 | Ossuary  | Reached skill level 9 in Maces & Flails
  3126 | Ossuary  | Reached XP level 7. HP: 59/59 MP: 6/6
  3229 | D:5      | Found a staircase to the Ecumenical Temple.
  3283 | D:5      | Noticed Eustachio
  3303 | D:5      | Killed Eustachio
  3463 | D:5      | Reached skill level 10 in Maces & Flails
  3484 | D:5      | Noticed Grinder
  3499 | D:5      | Killed Grinder
  3593 | D:5      | Reached skill level 11 in Maces & Flails
  3593 | D:5      | HP: 3/59 [iguana (10)]
  3620 | D:5      | Found a broken altar of Ashenzari.
  3646 | D:5      | Reached XP level 8. HP: 26/66 MP: 7/7
  4158 | D:5      | Identified the +4 leather armour "Losidghua" {*Corrode +Inv
                  | rC++ rN+}
  4277 | D:5      | Reached skill level 12 in Maces & Flails
  4457 | Temple   | Entered the Ecumenical Temple
  4483 | Temple   | Became a worshipper of the Shining One
  4555 | D:4      | Reached skill level 4 in Armour
  4672 | D:4      | Noticed Menkaure
  4676 | D:4      | Killed Menkaure
  4677 | D:4      | Reached skill level 5 in Fighting
  4744 | D:4      | Reached skill level 5 in Armour
  4949 | D:4      | Found a sparkling altar of Nemelex Xobeh.
  5102 | D:6      | Reached skill level 6 in Fighting
  5126 | D:6      | Reached skill level 6 in Armour
  5277 | D:6      | Found a shimmering blue altar of Sif Muna.
  5289 | D:6      | Reached XP level 9. HP: 74/78 MP: 8/8
  5444 | D:6      | Reached skill level 7 in Fighting
  5542 | D:6      | Noticed a two-headed ogre
  5552 | D:6      | Killed a two-headed ogre
  5553 | D:6      | Reached skill level 8 in Fighting
  5553 | D:6      | Reached skill level 7 in Armour
  5559 | D:6      | Reached skill level 8 in Armour
  6001 | D:7      | Reached * piety under the Shining One
  6024 | D:7      | Reached skill level 9 in Fighting
  6235 | D:7      | Reached skill level 9 in Armour
  6580 | D:7      | Reached XP level 10. HP: 87/91 MP: 9/9
  6845 | D:8      | Reached skill level 10 in Fighting
  6867 | D:8      | Reached skill level 10 in Armour
  6892 | D:8      | Found a transporter.
  6894 | D:8      | Noticed a manticore
  6895 | D:8      | Noticed a centaur warrior
  6895 | D:8      | Noticed a centaur warrior
  6955 | D:8      | Noticed a six-headed hydra
  6955 | D:8      | Reached ** piety under the Shining One
  6967 | D:8      | Found a transporter.
  7017 | D:8      | Found a flagged portal.
  7034 | Bailey   | Entered a bailey
  7378 | Bailey   | Identified a +0 crystal plate armour
  7448 | Bailey   | Identified the +7 crystal plate armour of a treasure trove
                  | {rF+ Regen+}
  7461 | Bailey   | Identified the +2 pair of gloves of the Crafting Gods {+Inv
                  | Fly rPois rF-}
  7480 | Bailey   | Reached skill level 11 in Fighting
  7543 | D:8      | Reached skill level 11 in Armour
  7785 | D:8      | Found Zere's Tremendous Tomes.
  7845 | D:8      | Reached skill level 12 in Fighting
  7845 | D:8      | Reached skill level 12 in Armour
  7857 | D:8      | Reached skill level 4 in Shields
  7857 | D:8      | Reached skill level 1 in Invocations
  7888 | D:8      | Found a staircase to the Lair.
  7899 | D:8      | Reached XP level 11. HP: 104/104 MP: 11/11
  7903 | D:8      | Reached skill level 2 in Invocations
  8019 | D:9      | Noticed a two-headed ogre
  8026 | D:9      | Killed a two-headed ogre
  8027 | D:9      | Reached skill level 5 in Shields
  8027 | D:9      | Reached skill level 3 in Invocations
  8150 | D:9      | Reached skill level 4 in Invocations
  8452 | D:10     | Entered Level 10 of the Dungeon
  8556 | D:10     | Reached skill level 5 in Invocations
  8614 | D:10     | Noticed a boulder beetle
  8637 | D:10     | Killed a boulder beetle
  8755 | D:10     | Found a bloodstained altar of Trog.
  8755 | D:10     | Reached *** piety under the Shining One
  9279 | D:10     | Found a runed translucent door.
  9280 | D:10     | Noticed t4s4d4r's ghost (journeyman DjEE)
  9392 | D:10     | Found a staircase to the Orcish Mines.
  9694 | D:10     | Killed t4s4d4r's ghost
  9695 | D:10     | Reached skill level 13 in Fighting
  9695 | D:10     | Reached skill level 13 in Armour
  9852 | D:11     | Noticed a two-headed ogre
  9861 | D:11     | Killed a two-headed ogre
  9890 | D:11     | Found a glowing silver altar of Zin.
  9915 | D:11     | Noticed a boulder beetle
  9943 | D:11     | Killed a boulder beetle
 10195 | D:11     | Found a frozen archway.
 10288 | IceCv    | Entered an ice cave
 10309 | IceCv    | Reached XP level 12. HP: 108/116 MP: 14/14
 10346 | IceCv    | Noticed a death yak
 10349 | IceCv    | Reached skill level 14 in Fighting
 10349 | IceCv    | Reached skill level 14 in Armour
 10367 | IceCv    | Killed a death yak
 10483 | IceCv    | Noticed a death yak
 10483 | IceCv    | Reached **** piety under the Shining One
 10496 | IceCv    | Killed a death yak
 10501 | IceCv    | Noticed a death yak
 10511 | IceCv    | Killed a death yak
 10648 | IceCv    | Noticed a frost giant
 10669 | IceCv    | Noticed a death yak
 10670 | IceCv    | Killed a frost giant
 10676 | IceCv    | Killed a death yak
 10677 | IceCv    | Reached skill level 15 in Fighting
 10677 | IceCv    | Reached skill level 15 in Armour
 10692 | IceCv    | Reached skill level 1 in Dodging
 10760 | IceCv    | Noticed a death yak
 10775 | IceCv    | Killed a death yak
 10778 | IceCv    | Reached skill level 2 in Dodging
 10821 | IceCv    | Noticed a death yak
 10834 | IceCv    | Killed a death yak
 10835 | IceCv    | Reached skill level 6 in Shields
 11003 | D:11     | Reached skill level 3 in Dodging
 11025 | D:11     | Reached skill level 6 in Invocations
 11972 | D:12     | Reached XP level 13. HP: 127/127 MP: 16/16
 12118 | D:12     | Reached skill level 4 in Dodging
 12539 | D:13     | Reached skill level 7 in Shields
 12570 | D:13     | Reached ***** piety under the Shining One
 12624 | D:13     | Noticed Josephine
 12640 | D:13     | Killed Josephine
 12662 | D:13     | Identified a scroll of acquirement
 12749 | D:13     | Reached skill level 5 in Dodging
 12896 | D:13     | Reached skill level 7 in Invocations
 13073 | D:13     | Reached skill level 16 in Fighting
 13073 | D:13     | Reached skill level 16 in Armour
 13376 | D:14     | Reached skill level 8 in Shields
 13435 | D:14     | Found a runed translucent door.
 13535 | D:14     | Noticed an ironbound thunderhulk
 13546 | D:14     | HP: 9/128 [ironbound thunderhulk/bolt of lightning (40)]
 13787 | D:14     | Reached skill level 6 in Dodging
 14097 | D:14     | Found a shimmering blue altar of Sif Muna.
 14167 | D:14     | Killed an ironbound thunderhulk
 14226 | D:14     | Found a gate to the Vaults.
 14353 | D:14     | Noticed Cofimnas's ghost (journeyman FoFi)
 14367 | D:14     | Killed Cofimnas's ghost
 14522 | D:15     | Entered Level 15 of the Dungeon
 14668 | D:15     | Noticed Rupert
 14814 | D:15     | Reached XP level 14. HP: 138/138 MP: 12/18
 14840 | D:15     | Killed Rupert
 14841 | D:15     | Reached skill level 9 in Shields
 14841 | D:15     | Reached skill level 8 in Invocations
 15350 | D:15     | Reached skill level 9 in Invocations
 15373 | D:15     | Found a radiant altar of Vehumet.
 15845 | D:15     | Found a staircase to the Depths.
 15944 | D:15     | Acquired an amulet of faith
 16144 | D:8      | Identified +0 acid dragon scales
 16189 | D:8      | Reached skill level 10 in Invocations
 16319 | D:8      | Identified the +0 helmet of Panentheism {^Drain rF+ Regen+
                  | Str+7}
 16526 | Depths:1 | Entered Level 1 of the Depths
 16749 | Depths:1 | Noticed a tengu reaver
 16764 | D:15     | HP: 13/138 [poisoned by a tengu reaver (bolt of poison)]
 16975 | D:15     | Reached skill level 11 in Invocations
 17020 | Depths:1 | Killed a tengu reaver
 17328 | Depths:1 | Noticed a stone giant
 17362 | Depths:1 | Killed a stone giant
 17487 | Depths:1 | Reached skill level 12 in Invocations
 17496 | Depths:1 | Reached skill level 7 in Dodging
 17774 | Depths:1 | Noticed a stone giant
 17787 | Depths:1 | Killed a stone giant
 18013 | Depths:1 | Found an ancient bone altar of Kikubaaqudgha.
 18040 | Depths:1 | Noticed a stone giant
 18135 | Depths:1 | Noticed a purple very ugly thing
 18135 | Depths:1 | Noticed a purple very ugly thing
 18135 | Depths:1 | Noticed a purple very ugly thing
 18240 | Depths:1 | Noticed a stone giant
 18252 | Depths:1 | Killed a stone giant
 18267 | Depths:1 | Noticed Saint Roka
 18441 | D:15     | Reached skill level 17 in Armour
 18441 | D:15     | Reached XP level 15. HP: 125/146 MP: 19/23
 18504 | D:15     | Reached skill level 17 in Fighting
 18504 | D:15     | Reached skill level 10 in Shields
 18529 | Depths:1 | Killed Saint Roka
 18530 | Depths:1 | Reached skill level 8 in Dodging
 18717 | Depths:1 | Noticed a frost giant
 18733 | Depths:1 | Killed a frost giant
 18927 | D:15     | Acquired 805 gold pieces
 19190 | Depths:1 | Found a gateway to Hell.
 19729 | Depths:2 | Noticed a deep elf master archer
 19737 | Depths:2 | Killed a deep elf master archer
 19738 | Depths:2 | Reached skill level 9 in Dodging
 20009 | Depths:2 | Found a sparkling altar of Nemelex Xobeh.
 20031 | Depths:2 | Noticed a frost giant
 20033 | Depths:2 | HP: 9/148 [fire dragon/blast of flame (22)]
 20039 | Depths:2 | HP: 14/148 [fire dragon/blast of flame (3)]
 20040 | Depths:2 | HP: 2/148 [meliai/divine providence (14)]
 20048 | Depths:2 | HP: 4/149 [meliai/divine providence (8)]
 20064 | Depths:2 | Found Arghiamn's Distillery.
 20310 | Depths:2 | Noticed a fire giant
 20353 | Depths:2 | Killed a fire giant
 20354 | Depths:2 | Reached skill level 18 in Fighting
 20354 | Depths:2 | Reached skill level 18 in Armour
 20606 | Depths:2 | Identified the +0 robe of Wuqacex {^Drain Will+++ Str-5
                  | Int+6}
 20632 | Depths:2 | Killed a frost giant
 20633 | Depths:2 | Reached skill level 10 in Dodging
 21297 | Depths:1 | Found an ancient bone altar of Kikubaaqudgha.
 21505 | Depths:1 | Found a gateway to Hell.
 21832 | Depths:2 | Identified +0 ice dragon scales
 21915 | Depths:2 | Identified +0 fire dragon scales
 22000 | Depths:2 | Noticed a sphinx
 22009 | Depths:2 | Killed a sphinx
 22292 | Depths:2 | Found a one-way gateway to a ziggurat.
 22343 | Depths:2 | Reached XP level 16. HP: 43/159 MP: 16/24
 22491 | Depths:2 | Found a one-way gate leading to the halls of Pandemonium.
 22815 | Depths:2 | Reached skill level 11 in Dodging
 23124 | Depths:2 | Reached skill level 19 in Fighting
 23207 | Depths:3 | Found a one-way gate to the infinite horrors of the Abyss.
 23241 | Depths:2 | Reached skill level 19 in Armour
 24051 | Depths:3 | Reached skill level 12 in Dodging
 24348 | Depths:3 | Found a runed translucent door.
 24449 | Depths:3 | Found an ancient bone altar of Kikubaaqudgha.
 25068 | Depths:3 | Noticed a titan
 25068 | Depths:3 | Noticed a tentacled monstrosity
 25069 | Depths:3 | Noticed a caustic shrike
 25069 | Depths:3 | Noticed a titan
 25070 | Depths:3 | Found a runed translucent door.
 25127 | Depths:4 | Entered Level 4 of the Depths
 25129 | Depths:4 | Found an opulent altar of Gozag.
 25138 | Depths:4 | Reached ****** piety under the Shining One
 25139 | Depths:4 | Noticed a storm dragon
 25203 | Depths:3 | Killed a storm dragon
 25203 | Depths:3 | Identified +0 storm dragon scales
 25244 | Depths:4 | Noticed a sphinx
 25272 | Depths:4 | Found a magical portal.
 25301 | WizLab   | Entered The Roulette of Golubria
 25301 | WizLab   | Found a transporter.
 25304 | WizLab   | Found a corrupted altar of Lugonu.
 25356 | WizLab   | Identified a +3 sacred scourge of holy wrath (a +1 demon
                  | whip of venom blessed by the Shining One)
 25356 | WizLab   | Received a gift from the Shining One
 25459 | WizLab   | Found a transporter.
 25459 | WizLab   | Found a transporter.
 25459 | WizLab   | Found a corrupted altar of Lugonu.
 25525 | WizLab   | Noticed a tentacled starspawn
 25542 | WizLab   | Killed a tentacled starspawn
 25616 | WizLab   | Found a transporter.
 25633 | WizLab   | Reached skill level 20 in Fighting
 25731 | WizLab   | Found a transporter.
 25789 | WizLab   | Found a corrupted altar of Lugonu.
 25792 | WizLab   | Found a transporter.
 25804 | WizLab   | Found a corrupted altar of Lugonu.
 25815 | WizLab   | Found a transporter.
 25930 | WizLab   | Found a transporter.
 25930 | WizLab   | Found a transporter.
 25931 | WizLab   | Noticed a lich
 25948 | WizLab   | Paralysed by accursed screaming for 1 turns
 26130 | WizLab   | Paralysed by accursed screaming for 1 turns
 26134 | WizLab   | Paralysed by accursed screaming for 2 turns
 26140 | WizLab   | Reached skill level 20 in Armour
 26140 | WizLab   | Reached skill level 13 in Dodging
 26290 | WizLab   | Found a transporter.
 26290 | WizLab   | Found a transporter.
 26301 | WizLab   | Reached XP level 17. HP: 165/170 MP: 21/25
 26402 | WizLab   | Found a transporter.
 26402 | WizLab   | Found a transporter.
 26559 | WizLab   | Found a transporter.
 26559 | WizLab   | Found a transporter.
 26567 | WizLab   | Paralysed by accursed screaming for 1 turns
 26720 | WizLab   | Found a corrupted altar of Lugonu.
 26725 | WizLab   | Found a transporter.
 26792 | WizLab   | Found a transporter.
 26965 | WizLab   | Paralysed by accursed screaming for 1 turns
 27144 | WizLab   | Identified the +1 cloak of the Monkey's Uncle {MP+9 Str+5}
 27153 | WizLab   | Identified the +1 cloak of Integrity {rPois}
 27162 | WizLab   | Identified the +0 cloak of Distant Shores {rC++ Int-4
                  | Stlth+}
 27179 | WizLab   | Found a transporter.
 27179 | WizLab   | Found a transporter.
 27179 | WizLab   | Found a corrupted altar of Lugonu.
 27232 | WizLab   | Found a corrupted altar of Lugonu.
 27444 | Depths:4 | Acquired 568 gold pieces
 27521 | Depths:4 | Identified +0 shadow dragon scales
 27926 | Depths:4 | Reached skill level 14 in Dodging
 27953 | Depths:4 | Noticed a juggernaut
 27968 | Depths:4 | Killed a juggernaut
 27979 | Depths:4 | Identified +0 ice dragon scales
 28043 | Depths:4 | Identified +0 fire dragon scales
 28190 | Depths:4 | Killed a sphinx
 28280 | Depths:4 | Identified +0 ice dragon scales
 28341 | Depths:4 | Noticed a quicksilver dragon
 28351 | Depths:4 | Killed a quicksilver dragon
 28352 | Depths:4 | Reached skill level 21 in Fighting
 28353 | Depths:4 | Noticed a sphinx
 28365 | Depths:4 | Killed a sphinx
 28439 | Depths:4 | Reached skill level 21 in Armour
 28537 | Depths:4 | Identified +0 fire dragon scales
 28562 | Depths:4 | Found Rocemues's General Store.
 28576 | Depths:4 | Found Kidebb's Magic Scroll Emporium.
 28576 | Depths:4 | Found Aliakk's Distillery.
 28579 | Depths:4 | Found Vaaruadgh's Distillery.
 28659 | Depths:4 | Bought a potion of heal wounds for 90 gold pieces
 28659 | Depths:4 | Bought a potion of might for 72 gold pieces
 28659 | Depths:4 | Bought a potion of might for 72 gold pieces
 28659 | Depths:4 | Bought a potion of magic for 144 gold pieces
 28662 | Depths:4 | Bought a potion of attraction for 51 gold pieces
 28662 | Depths:4 | Bought a potion of haste for 170 gold pieces
 28662 | Depths:4 | Bought a potion of haste for 170 gold pieces
 28662 | Depths:4 | Bought a potion of mutation for 136 gold pieces
 28662 | Depths:4 | Bought a potion of cancellation for 136 gold pieces
 28715 | Depths:2 | Bought 2 potions of cancellation for 224 gold pieces
 28715 | Depths:2 | Bought a potion of cancellation for 112 gold pieces
 28715 | Depths:2 | Bought a potion of curing for 42 gold pieces
 28715 | Depths:2 | Bought a potion of curing for 42 gold pieces
 28715 | Depths:2 | Bought a potion of curing for 42 gold pieces
 28738 | Depths:4 | Bought a +1 pair of boots of flying for 247 gold pieces
 29088 | Depths:4 | Noticed a tentacled monstrosity
 29097 | Depths:4 | Killed a tentacled monstrosity
 29284 | Depths:4 | Noticed a bone dragon
 29304 | Depths:4 | Killed a bone dragon
 29449 | Depths:4 | Found a gate to the Realm of Zot.
 29590 | Depths:4 | Noticed a golden dragon
 29613 | Depths:4 | Killed a golden dragon
 29694 | Depths:4 | Reached XP level 18. HP: 163/182 MP: 14/26
 29854 | Depths:4 | Found a corrupted altar of Lugonu.
 30082 | Hell     | Entered the Vestibule of Hell
 30082 | Hell     | Noticed Geryon
 30101 | Depths:4 | Reached skill level 15 in Dodging
 30181 | Hell     | Noticed Murray
 30500 | Depths:4 | Killed Murray
 30800 | Pan      | Entered Pandemonium
 30871 | Pan      | Identified +0 ice dragon scales
 30935 | Pan      | Noticed Zisakhef the pandemonium lord
 30948 | Pan      | Killed Zisakhef the pandemonium lord
 31069 | Pan      | Identified a potion of resistance
 31304 | Pan      | Reached skill level 11 in Shields
 31701 | Pan      | Noticed Bemoawil the pandemonium lord
 31722 | Pan      | Killed from afar by Bemoawil the pandemonium lord

Vanquished Creatures
  A juggernaut (Depths:4)
  A golden dragon (Depths:4)
  A bone dragon (Depths:4)
  A tentacled monstrosity (Depths:4)
  Rupert (D:15)
  A deep elf master archer (Depths:2)
  3 sphinxes
  A searing wretch (Depths:4)
  Murray (Depths:4)
  A quicksilver dragon (Depths:4)
  An ancient champion (Depths:4)
  An eldritch tentacle (WizLab)
  An Executioner (Pan)
  2 tengu reavers
  2 tentacled starspawn (WizLab)
  A shadow dragon (Depths:4)
  2 storm dragons
  A draconian knight (Depths:4)
  4 fire giants
  2 demonspawn warmongers (Pan)
  2 iron dragons (Depths:4)
  A juggernaut zombie (Depths:1)
  5 frost giants
  A draconian scorcher (Depths:4)
  A draconian stormcaller (Depths:4)
  2 ghost moths (WizLab)
  A balrug (Depths:4)
  3 spriggan defenders
  5 very ugly things
  3 broodmothers (WizLab)
  11 stone giants
  The ghost of Cofimnas the Cleaver, a journeyman FoFi of Okawaru (D:14)
  A black draconian (Depths:4)
  A vampire knight (Depths:4)
  An ironbound thunderhulk (D:14)
  3 lorocyprocas
  A white draconian (Depths:4)
  A red draconian (Depths:4)
  The ghost of t4s4d4r the Thaumaturge, a journeyman DjEE of Gozag (D:10)
  A purple draconian (Depths:4)
  6 spark wasps
  A blizzard demon (Pan)
  7 ettins
  An entropy weaver (shapeshifter) (D:14)
  Josephine (D:13)
  9 fire dragons
  9 ice dragons
  4 rakshasas
  9 spriggan air magi
  2 hell beasts
  2 vault guards (D:14)
  2 hydras
  6 centaur warriors
  4 two-headed ogres
  4 dancing weapons (Depths:2)
  6 death yaks (IceCv)
  2 boulder beetles
  5 tengu warriors
  A death knight (D:15)
  5 deep troll earth magi
  2 thrashing horrors (WizLab)
  A shock serpent (Depths:2)
  7 spriggan berserkers
  A deep troll shaman (Depths:2)
  2 orc high priests
  A hell hog (Depths:3)
  An occultist (Depths:1)
  5 hell knights
  11 soul eaters
  A spectral spark wasp (Depths:4)
  8 sun demons
  3 naga sharpshooters (Depths:2)
  7 iron trolls
  A salamander mystic (Depths:3)
  2 shadow wraiths
  2 sixfirhies (Pan)
  A skeletal warrior (D:15)
  2 flayed ghosts
  A shadow demon (Depths:2)
  10 deep trolls
  2 obsidian statues (WizLab)
  2 arcanists
  2 glowing orange brains
  2 necromancers
  3 deep elf pyromancers
  2 orc knights
  An orc sorcerer (D:15)
  2 large abominations
  22 ugly things
  A fire giant zombie (Depths:1)
  A worldbinder (WizLab)
  A cyclops (D:14)
  3 salamanders (Depths:3)
  2 rust devils
  5 manticores
  9 meliai
  An apocalypse crab (WizLab)
  An ice statue (IceCv)
  A torpor snail (shapeshifter) (Depths:3)
  4 smoke demons
  A cane toad (shapeshifter) (D:14)
  4 unseen horrors
  A dire elephant skeleton (WizLab)
  3 hellions
  7 rime drakes (IceCv)
  A tormentor (Pan)
  2 freezing wraiths
  4 komodo dragons
  A kobold demonologist (D:13)
  A yaktaur (shapeshifter) (D:15)
  2 tengu conjurers (Depths:1)
  2 efreet
  2 red devils (Pan)
  A queen bee (Depths:2)
  6 hornets
  4 hellwings
  4 polar bears (IceCv)
  4 trolls
  Grinder (D:5)
  A hornet (shapeshifter) (D:15)
  A dream sheep (shapeshifter) (Depths:4)
  A glass eye (Depths:3)
  A raiju (WizLab)
  4 jumping spiders (WizLab)
  8 slime creatures
  Sigmund (D:2)
  5 spriggans
  2 shadows
  2 centaur simulacra
  A human (D:14)
  A vampire (D:12)
  2 wyverns (D:8)
  7 wraiths
  10 ynoxinuls (Pan)
  A steam dragon (D:9)
  30 yaks
  Eustachio (D:5)
  A golden eye (shapeshifter) (Depths:2)
  4 neqoxecs (Pan)
  12 vampire mosquitoes
  A redback (WizLab)
  3 chaos spawn (Pan)
  Menkaure (D:4)
  4 acid dragons
  3 hell hounds (Depths:4)
  An ice beast (D:6)
  17 orc warriors
  A black bear (D:7)
  4 boggarts (D:14)
  7 ogres
  10 wolves (IceCv)
  8 centaurs
  A phantom (D:5)
  3 kobold brigands
  5 bullfrogs
  2 two-headed ogre simulacra (D:11)
  2 gnoll sergeants
  A scorpion (D:5)
  2 burial acolytes (Ossuary)
  9 wights
  14 killer bees
  7 howler monkeys
  A centaur zombie (Ossuary)
  2 bombardier beetles (D:4)
  3 hounds
  3 jellies
  2 gnoll boudas
  6 orc priests
  11 starcursed masses (WizLab)
  3 sleepcaps
  5 iguanas
  20 orc wizards
  A troll simulacrum (D:11)
  2 spriggan simulacra (D:11)
  5 mummies
  19 gnolls
  7 adders
  A naga simulacrum (D:11)
  2 white imps
  55 orcs
  7 bats
  8 endoplasms
  6 giant cockroaches
  4 gnoll zombies (Ossuary)
  3 goblins
  10 hobgoblins
  3 jackals (D:1)
  6 quokkas
  7 ball pythons
  3 frilled lizards
  A goblin zombie (D:5)
  15 kobolds
  2 kobold zombies
  2 orc zombies (Ossuary)
  2 rats (D:1)
  A starspawn tentacle (WizLab)
778 creatures vanquished.

Vanquished Creatures (collateral kills)
  Saint Roka (Depths:1)
  A pandemonium lord (Pan)
  An eldritch tentacle (WizLab)
  A balrug (Depths:2)
  A fire dragon (Depths:2)
  A hell beast (Pan)
  5 soul eaters (Pan)
  A shadow demon (Depths:2)
  A stone giant zombie (Depths:1)
  3 meliai (Depths:2)
  A hellion (Pan)
  2 ynoxinuls (Pan)
  3 neqoxecs (Pan)
  2 chaos spawn (Pan)
  A hell hound (Depths:4)
  2 boggarts (WizLab)
  An orc priest (Depths:1)
  2 starcursed masses (WizLab)
30 creatures vanquished.

Vanquished Creatures (others)
  A jumping spider (WizLab)
  A centaur simulacrum (D:14)
  A hell hound (Hell)
  2 hell rats (Hell)
  4 starspawn tentacles (WizLab)
9 creatures vanquished.

Grand Total: 817 creatures vanquished
